 Dungeon Crawl Stone Soup version 0.31-a0-435-g2c6fae2916 (webtiles) character file.

Game seed: 10666602473242100672

339 Ethylacetat the Changeling (level 6, -8/63 HPs)
             Began as an Octopode Shapeshifter on Aug 1, 2023.
             Was an Initiate of Gozag.
             Mangled by an ogre
             ... wielding a +0 giant club
              (23 damage)
             ... on level 5 of the Dungeon.
             The game lasted 00:04:26 (3041 turns).

Ethylacetat the Changeling (Octopode Shapeshifter)  Turns: 3041, Time: 00:04:26

Health: -8/63      AC: 23    Str: 21    XL:     6   Next: 55%
Magic:  6/6        EV:  2    Int: 10    God:    Gozag
Gold:   114        SH:  4    Dex: 14    Spells: 5/5 levels left

rFire   . . .        m - +4 war axe (elec)
rCold   . . .        j - +0 buckler
rNeg    . . .        (helmet currently unavailable)
rPois   +            (no amulet)
rElec   .            k - ring of willpower
rCorr   .            r - +6 ring of strength
SInv    .            (no ring)
Will    +....        (no ring)
Stlth   +            (no ring)
HPRegen 0.30/turn    (no ring)
MPRegen 0.10/turn    (no ring)
                     (no ring)

%: no passive effects
@: tree-form
A: stationary, stasis, torment immunity, boosted hp, almost no armour,
(amphibious), 8 rings, (camouflage 1), (gelatinous body 1), (nimble swimmer 1),
(tentacles)
a: Renounce Religion, Potion Petition, Call Merchant, Bribe Branch


You were on level 5 of the Dungeon.
You worshipped Gozag.
Gozag was aware of your devotion.
You were a tree.
You visited 2 branches of the dungeon, and saw 6 of its levels.

You collected 190 gold pieces.
You paid 76 gold pieces to Gozag.

Inventory:

Hand Weapons
 m - a +4 war axe of electrocution (weapon)
Armour
 j - a +0 buckler (worn)
Jewellery
 k - a ring of willpower (left branch)
 r - a +6 ring of strength (right branch)
 v - a ring of ice
Talismans
 b - a beast talisman
 o - a blade talisman
Scrolls
 f - a scroll of vulnerability {unknown}
 g - 2 scrolls of identify {unknown}
 h - 4 scrolls of teleportation {unknown}
 l - a scroll of acquirement {unknown}
 p - a scroll of fog {unknown}
 u - a scroll of silence {unknown}
Potions
 a - 2 potions of lignification
 c - a potion of heal wounds {unknown}
 d - a potion of invisibility {unknown}
 e - a potion of curing {unknown}
 i - a potion of magic {unknown}
 n - a potion of degeneration {unknown}
 q - 2 potions of mutation {unknown}
 s - a potion of cancellation {unknown}
 t - a potion of haste {unknown}


   Skills:
 + Level 3.1 Fighting
 - Level 3.0 Dodging
 + Level 4.3 Unarmed Combat
 * Level 4.5 Shapeshifting


You had 5 spell levels left.
You didn't know any spells.
Your spell library contained the following spells:

 Spells                   Type           Power      Damage    Failure   Level
 Ensorcelled Hibernation  Hex/Ice        0%         N/A       58%         2
 Passwall                 Tmut/Erth      0%         N/A       58%         2
 Frozen Ramparts          Ice            0%         1d1       82%         3
 Portal Projectile        Hex/Tloc       0%         N/A       82%         3
 Swiftness                Air            0%         N/A       82%         3
 Tukima's Dance           Hex            0%         N/A       82%         3
 Iskenderun's Mystic Bla  Conj/Tloc      0%         2d3       99%         4
 Petrify                  Tmut/Erth      0%         N/A       99%         4
 Metabolic Englaciation   Hex/Ice        0%         N/A       100%        5


Dungeon Overview and Level Annotations

Branches:
Dungeon (5/15)             Temple (1/1) D:5

Altars:
Ashenzari
Cheibriados
Dithmenos
Elyvilon
Fedhas
Gozag
Hepliaklqana
Kikubaaqudgha
Makhleb
Nemelex Xobeh
Okawaru
Ru
Sif Muna
Trog
Uskayaw
Vehumet
Wu Jian
Xom
Yredelemnul
Zin


Innate Abilities, Weirdness & Mutations

You are a tree.
Your roots penetrate the ground, keeping you stationary.
You cannot be teleported.
You are immune to unholy pain and torment.
Your maximum health is greatly increased.
You cannot wear most types of armour.
((You are amphibious.))
You can wear up to eight rings at the same time.
((Your skin changes colour to match your surroundings (Stealth+).))
((Your rubbery body absorbs attacks. (AC +1, EV +1)))
((You are camouflaged when in or above water. (Stealth+)))
((You have tentacles for arms and can constrict up to eight enemies at once.))


Message History

There is a staircase back to the Dungeon here.
Found a glowing silver altar of Zin.
There is a hide-covered altar of Uskayaw here.
Found a bloodstained altar of Trog.
There is a glowing silver altar of Zin here.
Found a sacrificial altar of Ru.
Found an ancient bone altar of Kikubaaqudgha.
Found a snail-covered altar of Cheibriados.
Found a burning altar of Makhleb.
Found an opulent altar of Gozag.
Found a white marble altar of Elyvilon.
There is an opulent altar of Gozag here.
You curl up in front of the altar of Gozag.
Gozag welcomes you!
You pay a service fee of 76 gold.
HP restored.
There is a staircase back to the Dungeon here.
You climb upwards.
Welcome back to the Dungeon!
You hear the sound of rushing water.
There is an entrance to a sewer on this level.
Hurry and find it before the portal rusts away!
You hear the slow rusting of a very distant drain.
There is a staircase to the Ecumenical Temple here.
An ogre comes into view. It is wielding a +0 giant club.
Found a spear.
A black bear comes into view.
Found a wizard robe.
You slash the ogre!
The ogre is heavily wounded.
The ogre hits you with a +0 giant club!!
Ouch! That really hurt!
* * * LOW HITPOINT WARNING * * *
Unknown command.
You are too injured to fight recklessly!
Okay, then.
Really quaff the potion of lignification?
Your transformation has ended.
You turn into a tree.
Your roots penetrate the ground.
The ogre hits you with a +0 giant club!!
You die...
Your body crumbles into a pile of gold.

.... ### ..... .#...
[.... ..... #.....
......# #......
.......##.......
#.#........Oh.##
#.##..##..♣....#..
##................ ####
#.................
#...###......>.........
#....##................
#......................
#..........⌠........)..
#........†......#.....
$ #......⌠.>.⌠..###....


You could see a black bear and an ogre.

Vanquished Creatures
  A water moccasin (D:5)
  A black bear (D:4)
  A hound (D:5)
  5 adders
  3 worms
  A dart slug (D:3)
  5 orcs
  8 ball pythons
  7 bats
  4 endoplasms
  A giant cockroach (D:1)
  5 goblins
  4 hobgoblins
  2 quokkas
  5 frilled lizards
  5 kobolds
  A rat (D:3)
59 creatures vanquished.

Notes
Turn   | Place    | Note
-------+----------+-------------------------------------------
     0 | D:1      | Ethylacetat the Octopode Shapeshifter began the quest for
                  | the Orb.
     0 | D:1      | Reached XP level 1. HP: 13/13 MP: 1/1
    61 | D:1      | Reached XP level 2. HP: 18/18 MP: 2/2
   225 | D:1      | Found a faded altar of an unknown god.
   649 | D:2      | Reached XP level 3. HP: 21/24 MP: 3/3
   942 | D:2      | Reached XP level 4. HP: 27/29 MP: 4/4
  1801 | D:3      | Found a shadowy altar of Dithmenos.
  1804 | D:3      | Found an ornate altar of the Wu Jian Council.
  1811 | D:3      | Found an iron altar of Okawaru.
  2549 | D:4      | Noticed a black bear
  2555 | D:4      | Killed a black bear
  2556 | D:4      | Reached XP level 5. HP: 33/35 MP: 5/5
  2911 | D:5      | Entered Level 5 of the Dungeon
  2923 | D:5      | Found a staircase to the Ecumenical Temple.
  2934 | D:5      | Noticed a water moccasin
  2941 | D:5      | Killed a water moccasin
  2942 | D:5      | Reached XP level 6. HP: 30/42 MP: 6/6
  2946 | Temple   | Entered the Ecumenical Temple
  2988 | Temple   | Became a worshipper of Gozag Ym Sagoz the Greedy
  3035 | D:5      | Noticed a black bear
  3041 | D:5      | Mangled by an ogre

Illustrated notes

Levels and vault maps discovered:
D:1:      dpeg_arrival_rooms_b, layout_basic,
          chequers_ecumenical_altar_simple_redux
D:2:      layout_loops_ring
D:3:      layout_loops_ring, minmay_overflow_temple_star_quad
D:4:      layout_gridville
D:5:      layout_cave_pools, tso_oasis_becter, temple_fountains,
          portal_sewer_entry_d
Temple:   minmay_crystal_spiral_temple

Skill      XL: |  1  2  3  4  5 |
---------------+----------------+-----
Fighting       | 2 3 |  3.1
Dodging        | 3 |  3.0
Unarmed Combat | 4 |  4.3
Shapeshifting  | 4 |  4.5

Action                     |  1- 3 |  4- 6 || total
---------------------------+-------+-------++-------
  Melee: Unarmed           |    45 |    26 ||    71
         Constrict         |    12 |    11 ||    23
         Tentacles         |     9 |     8 ||    17
         Punch             |     3 |     3 ||     6
         War axe           |       |    27 ||    27
    Use: Potion            |       |     1 ||     1
   Stab: Sleeping          |     3 |    10 ||    13
 Armour: Skin              |     4 |     1 ||     5
  Dodge: Dodged            |    29 |    26 ||    55
  Block: Buckler           |       |     6 ||     6

Table legend: (Time is in decaauts)
 A = Elapsed time spent in this place.
 B = Non-inter-level travel time spent in this place.
 C = Inter-level travel time spent in this place.
 D = Time resting spent in this place.
 E = Time spent auto-exploring this place.
 F = Levels seen in this place.
 G = Mean time per level.
                   A        B        C        D        E       F      G
               +--------+--------+--------+--------+--------+-----+--------+
         Total |   3049 |   2905 |    144 |    100 |   2353 |   6 |  508.2 |
       Dungeon |   2965 |   2903 |     62 |    100 |   2353 |   5 |  593.0 |
        Temple |     84 |      2 |     82 |      0 |      0 |   1 |   84.0 |
               +--------+--------+--------+--------+--------+-----+--------+

Top non-repeatable levels by time:
     D:4: 811 daAuts
     D:3: 765 daAuts
     D:2: 733 daAuts
     D:1: 606 daAuts
  Temple: 84 daAuts
     D:5: 49 daAuts
